 Dungeon Sprint DCSS version 0.24-a0-518-g9d8d8d5b78 (webtiles) character file.

Game seed: 15829573045468609429

22 Atelerd the Skirmisher (level 2, -3/24 HPs)
             Began as an Octopode Transmuter on July 22, 2019.
             Was an Initiate of Vehumet.
             Slain by a toenail golem (4 damage)
             ... in the Dungeon (Sprint V: "Ziggurat Sprint").
             The game lasted 00:02:16 (159 turns).

Atelerd the Skirmisher (Octopode Transmuter)         Turns: 159, Time: 00:02:17

Health: -3/24      AC:  1    Str: 21    XL:     2   Next: 91%
Magic:  5/5        EV:  7    Int: 27    God:    Vehumet [......]
Gold:   0          SH: 29    Dex: 24    Spells: 4/5 levels left

rFire    . . .     SeeInvis +   H - +14 obsidian axe {chop, +Fly SInv *Curse} (curse)
rCold    . . .     Gourm    .   I - +18 shield of the Gong {rElec rN+ MR+ EV-5}
rNeg     + . .     Faith    .   (helmet restricted)
rPois    .         Spirit   .   (no amulet)
rElec    +         Reflect  .   v - +6 ring of dexterity
rCorr    .         Harm     .   w - +6 ring of dexterity
MR       +....     NoTele   +   x - +6 ring of intelligence
Stlth    +++.......             y - +6 ring of intelligence
HPRegen  0.08/turn              z - +6 ring of strength
MPRegen  0.09/turn              A - +6 ring of strength
                                (no ring)
                                (no ring)

@: mesmerised
A: almost no armour, stealthy swim, amphibious, 8 rings, constrict 8, camouflage
1, gelatinous body 1
a: Renounce Religion, Evoke Flight


You were in the Dungeon.
You worshipped Vehumet.
Vehumet was noncommittal.
You were not hungry.

You visited 1 branch

Inventory:

Hand Weapons
 F - the +6 Majin-Bo {vamp, Archmagi MP+6 Int+6}
   (You found it in the Dungeon)

   It inflicts no extra harm, but heals its wielder when it wounds a living foe.
   It affects your intelligence (+6).
   It affects your magic capacity (+6).
 G - the +9 heavy crossbow "Sniper" {velocity, Acc+∞ SInv}
   (You found it in the Dungeon)

   Any bolt fired from it inflicts extra damage.
   It lets you see invisible.
 H - the cursed +14 obsidian axe (weapon) {chop, +Fly SInv *Curse}
   (You found it in the Dungeon)

   It inflicts extra damage upon your enemies.
   It lets you see invisible.
   It lets you fly.
   It curses itself when equipped.
   It has a curse placed upon it.
Missiles
 a - 12 arrows
Armour
 E - a +3 buckler
 I - the +18 shield of the Gong (worn) {rElec rN+ MR+ EV-5}
   (You found it in the Dungeon)

   It affects your evasion (-5).
   It insulates you from electricity.
   It protects you from negative energy.
   It affects your resistance to hostile enchantments.
Jewellery
 u - an uncursed ring of flight
 v - a +6 ring of dexterity (left tentacle)
 w - a +6 ring of dexterity (right tentacle)
 x - a +6 ring of intelligence (on tentacle)
 y - a +6 ring of intelligence (on tentacle)
 z - a +6 ring of strength (on tentacle)
 A - a +6 ring of strength (on tentacle)
Wands
 B - a wand of disintegration (7)
 C - a wand of iceblast (7)
 D - a wand of acid (7)
Scrolls
 i - 4 scrolls of blinking
 o - 4 scrolls of amnesia
 p - 7 scrolls of fog
 q - a scroll of holy word
 r - 5 scrolls of identify
 s - 5 scrolls of remove curse
 t - 2 scrolls of fear
Potions
 b - 2 potions of brilliance
 d - 10 potions of curing
 e - 10 potions of heal wounds
 f - 6 potions of haste
 g - 7 potions of magic
 h - 3 potions of berserk rage
 j - 2 potions of invisibility
 k - 4 potions of resistance
 m - 5 potions of agility
 n - 5 potions of might
Comestibles
 c - 7 rations


   Skills:
 + Level 5.2 Fighting
 + Level 0.1 Axes
 + Level 2.2 Dodging
 - Level 0.4 Stealth
 + Level 5.0 Shields
 + Level 3.6 Unarmed Combat
 * Level 2.2 Spellcasting
 * Level 2.2 Transmutations


You had 4 spell levels left.
You knew the following spells:

 Your Spells              Type           Power        Failure   Level  Hunger
a - Beastly Appendage     Tmut           ##....       14%         1    None

Your spell library contained the following spells:

 Spells                   Type           Power        Failure   Level  Hunger
 Sticks to Snakes         Tmut           ##......     21%         2    ##.....
 Flame Tongue             Conj/Fire      #....        34%         1    None
 Summon Small Mammal      Summ           #...         34%         1    None
 Spider Form              Tmut/Pois      #.........   54%         3    ###....
 Recall                   Summ/Tloc      N/A          71%         3    ###....
 Ice Form                 Ice/Tmut       #.......     91%         4    ####...
 Cause Fear               Hex            #.........   98%         4    ####...
 Summon Ice Beast         Ice/Summ       #.......     98%         4    ####...
 Blade Hands              Tmut           ##........   98%         5    ######.
 Aura of Abjuration       Summ           #.........   100%        5    ######.
 Bolt of Fire             Conj/Fire      #.........   100%        6    #######
 Dragon Form              Tmut           ##........   100%        7    #######
 Malign Gateway           Summ/Tloc      #.........   100%        7    #######
 Dragon's Call            Summ           #.........   100%        9    #######


Dungeon Overview and Level Annotations

Branches:
Dungeon (1/1)

Altars:
Ashenzari
Cheibriados
Dithmenos
Elyvilon
Fedhas
Gozag
Hepliaklqana
Kikubaaqudgha
Makhleb
Nemelex Xobeh
Okawaru
Qazlal
Ru
Sif Muna
Trog
Uskayaw
Vehumet
Wu Jian
Xom
Yredelemnul
Zin
The Shining One
Beogh
Jiyva
Lugonu

Annotations:
D 1 transporter


Innate Abilities, Weirdness & Mutations

You cannot wear most types of armour.
You are very stealthy in the water. (Stealth+)
You are amphibious.
You can wear up to eight rings at the same time.
You can use your tentacles to constrict eight enemies at once.
Your skin changes colour to match your surroundings (Stealth+).
Your rubbery body absorbs attacks. (AC +1, EV +1)


Message History

Found three items.
Found a transporter.
You block the toenail golem's attack.
PANG!
You block the toenail golem's attack.
GONNNNG!
You hit the toenail golem but do no damage.
You squeeze the toenail golem, but do no damage.
You hit the toenail golem. You open a gate to Pandemonium!
A demon appears!
You barely miss the toenail golem. The toenail golem hits you!
You block the toenail golem's attack.
PTOANNNG!
The toenail golem hits you!
Ouch! That really hurt!
* * * LOW HITPOINT WARNING * * *
You block the toenail golem's attack.
GONNNNG!
You block the toenail golem's attack.
GONNNNG!
The toenail golem hits you.
You die...

▓▓▓▓▓▓▓▓▓▓▓▓▓
▓.8©8.▓.8©8.▓
▓.)[).▓.....▓
▓.....▓.....▓
▓.8884▓.....▓
▓..@..▓.....▓
▓.....▓..©..▓
▓..©..▓▓▓▓▓▓▓
▓▓▓▓▓▓▓


You could see 3 toenail golems and a friendly orange demon.

Vanquished Creatures
  A shadow imp (D)
  A white imp (D)
2 creatures vanquished.

Notes
Turn   | Place    | Note
-------+----------+-------------------------------------------
     0 | D        | Found the +6 Majin-Bo {vamp, Archmagi MP+6 Int+6}
     0 | D        | Found the +7 great mace "Firestarter" {inner flame, rF++}
     0 | D        | Atelerd the Octopode Transmuter began the quest for the
                  | Orb.
     0 | D        | Reached XP level 1. HP: 13/13 MP: 3/3
     0 | D        | Found a blossoming altar of Fedhas.
     1 | D        | Found a deep blue altar of Sif Muna.
     1 | D        | Found a sacrificial altar of Ru.
     1 | D        | Found a bloodstained altar of Trog.
     1 | D        | Found a stormy altar of Qazlal.
     1 | D        | Found an iron altar of Okawaru.
     1 | D        | Found a sparkling altar of Nemelex Xobeh.
     3 | D        | Found a transporter.
     3 | D        | Found an ancient bone altar of Kikubaaqudgha.
     3 | D        | Found a viscous altar of Jiyva.
     3 | D        | Found a corrupted altar of Lugonu.
     3 | D        | Found a hazy altar of Hepliaklqana.
     3 | D        | Found a burning altar of Makhleb.
     3 | D        | Found an opulent altar of Gozag.
    40 | D        | Became a worshipper of Vehumet
    80 | D        | Found the +9 heavy crossbow "Sniper" {velocity, Acc+∞ SInv}
    80 | D        | Found the +10 dark maul {crush}
    80 | D        | Found the +15 Maxwell's patent armour {-Cast -Tele rElec
                  | MR+ rCorr}
    80 | D        | Found the +18 shield of the Gong {rElec rN+ MR+ EV-5}
    80 | D        | Found the cursed +14 obsidian axe {chop, +Fly SInv *Curse}
    85 | D        | Found the +6 shillelagh "Devastator" {shatter}
    85 | D        | Found the +11 plutonium sword {*Contam Stlth-}
    85 | D        | Found the +8 lance "Wyrmbane" {slay drac, rPois rF+ rC+
                  | AC+3}
    85 | D        | Found the +9 sword of Zonguldrok {reap}
    85 | D        | Found the cursed +13 scythe of Curses {drain, *Curse}
    85 | D        | Found the +0 sword of Power
    85 | D        | Found the +7 mace of Variability {chain chaos}
    85 | D        | Found the +7 Singing Sword {slice, sonic wave}
    85 | D        | Found the +8 storm bow {elec, penet}
   105 | D        | Reached skill level 5 in Fighting
   105 | D        | Reached skill level 5 in Shields
   105 | D        | Reached XP level 2. HP: 24/24 MP: 5/5
   138 | D        | Entered arena 2.
   138 | D        | Found a transporter.
   148 | D        | Got Puabrosu's Tome of the Entourage
   156 | D        | Entered arena 3.
   156 | D        | Noticed a toenail golem
   156 | D        | Noticed a toenail golem
   156 | D        | Noticed a toenail golem
   156 | D        | Found a transporter.
   159 | D        | HP: 1/24 [toenail golem (12)]
   159 | D        | Slain by a toenail golem

Levels and vault maps discovered:
D:        sprint_v [room_start, room_1, room_2, room_3, room_4, room_5, room_6,
          room_7, room_8, room_9, room_10, room_11, room_12, room_13, room_14,
          room_15, room_16, room_17, room_18, room_19, room_20, room_21,
          room_22, room_23, room_24, room_25, room_26, room_27]

Skill      XL: |  1 |
---------------+----+-----
Fighting       | 5 |  5.2
Shields        | 5 |  5.0
Axes           | |  0.1
Dodging        | |  2.2
Stealth        | |  0.4
Unarmed Combat | |  3.6
Spellcasting   | |  2.2
Transmutations | |  2.2

Action                   || total
-------------------------++-------
Melee: Broad axe         ||     3
       Tentacles         ||     1
  Use: Potion            ||     1
 Stab: Sleeping          ||     2
Dodge: Dodged            ||     1
Block: Shield            ||     6

Table legend:
 A = Non-vault XP
 B = Vault XP
 C = Vault XP percentage of total XP
 D = Non-vault monster count
 E = Vault monster count
 F = Vault count percentage of total count
                 A         B        C        D         E       F
            +---------+---------+-------+---------+---------+-------
      Total |       0 |      22 | 100.0 |       0 |       2 | 100.0
            +---------+---------+-------+---------+---------+-------
          D |       0 |      22 | 100.0 |       0 |       2 | 100.0
            +---------+---------+-------+---------+---------+-------
